 Dungeon Crawl Stone Soup version 0.22-a0-389-g8519d86 (webtiles) character file.

5448 grindst0ne the Frost Mage (level 10, -3/63 HPs)
             Began as an Octopode Ice Elementalist on Apr 30, 2018.
             Was the Champion of Ru.
             Killed from afar by an orc wizard (13 damage)
             ... with a puff of flame
             ... on level 9 of the Dungeon.
             The game lasted 00:36:14 (10532 turns).

grindst0ne the Frost Mage (OpIE)                   Turns: 10532, Time: 00:36:15

Health: -3/63      AC:  1    Str:  8      XL:     10   Next: 68%
Magic:  13/13      EV: 14    Int: 23      God:    Ru [******]
Gold:   558        SH:  3    Dex: 11 (12) Spells: 3/13 levels left

rFire    . . .     SeeInvis .   C - +6 hand axe "Zafadweoke" {flame, rPois rC+ rN+ Int+2}
rCold    + . .     Gourm    .   v - +0 buckler
rNeg     + . .     Faith    .   (helmet restricted)
rPois    +         Spirit   .   r - amulet of regeneration
rElec    .         Reflect  .   t - ring of poison resistance
rCorr    .         Harm     .   (no ring)
MR       .....                  (no ring)
Stlth    ++++......             (no ring)
HPRegen  0.60/turn              (no ring)
MPRegen  0.13/turn              (no ring)
                                (no ring)
                                (no ring)

@: drained
A: almost no armour, stealthy swim, amphibious, 8 rings, constrict 8, camouflage
1, frail 1, gelatinous body 1, inability to use devices, no air magic, no hexes
magic, no summoning magic
a: Draw Out Power, Power Leap, Apocalypse, Renounce Religion


You were on level 9 of the Dungeon.
You worshipped Ru.
Ru was exalted by your worship.
You were not hungry.

You visited 1 branch of the dungeon, and saw 9 of its levels.

You collected 558 gold pieces.

Inventory:

Hand Weapons
 u - the +2 hunting sling of Hacking and Slashing {venom, MR+ Int+4 Stlth+}
   (You took it off an orc on level 4 of the Dungeon)

   It poisons the ammo it fires.
   It affects your intelligence (+4).
   It affects your resistance to hostile enchantments.
   It makes you more stealthy.
 C - the +6 hand axe "Zafadweoke" (weapon) {flame, rPois rC+ rN+ Int+2}
   (You took it off an orc warrior on level 7 of the Dungeon)

   It has been specially enchanted to burn those struck by it, causing extra
   injury to most foes and up to half again as much damage against particularly
   susceptible opponents.
   Big, fiery blades are also staple armaments of hydra-hunters.
   It affects your intelligence (+2).
   It protects you from cold.
   It protects you from poison.
   It protects you from negative energy.
Missiles
 n - 12 javelins (quivered)
Armour
 v - a +0 buckler (worn)
Jewellery
 r - an amulet of regeneration (around mantle)
 t - a ring of poison resistance (left tentacle)
 y - the ring "Toblin" {Int-5 Dex+2 Slay+2 Stlth-}
   (You took it off an orc warrior on level 7 of the Dungeon)

   [ring of loudness]

   It affects your intelligence (-5).
   It affects your dexterity (+2).
   It affects your accuracy and damage with ranged weapons and melee attacks
   (+2).
   It makes you less stealthy.
Scrolls
 e - a scroll of fear
 i - 4 scrolls of teleportation
 l - 4 scrolls of remove curse
 m - a scroll of fog
 w - a scroll of amnesia {unknown}
 x - a scroll of identify
Potions
 a - a potion of heal wounds
 c - 3 potions of haste
 d - 4 potions of curing
 f - 4 potions of magic
 g - 5 potions of flight
 h - a potion of brilliance
 j - a potion of might
 o - 4 potions of agility
 p - a potion of ambrosia
 q - a potion of resistance
 s - 3 potions of lignification
Comestibles
 b - 12 rations


   Skills:
 + Level 7.5(7.0) Fighting
 + Level 5.7(5.3) Dodging
 - Level 5.0(4.6) Stealth
 + Level 1.6(1.2) Shields
 - Level 2.0(1.5) Spellcasting
 - Level 1.0(0.6) Conjurations
 - Level 2.0(1.6) Charms
 + Level 9.7(9.2) Ice Magic


You had 3 spell levels left.
You knew the following spells:

 Your Spells              Type           Power        Failure   Level  Hunger
a - Freeze                Ice            ####         1%          1    #......
b - Throw Frost           Conj/Ice       ###...       3%          2    ###....
c - Ozocubu's Armour      Chrm/Ice       ####....     6%          3    ###....
d - Summon Ice Beast      Ice/Summ       ###.....     28%         4    #####..


Dungeon Overview and Level Annotations

Branches:
Dungeon (9/15)             Temple (0/1) D:6
   Lair: D:8-11         Orc: D:9-12

Altars:
Ashenzari
Dithmenos
Hepliaklqana
Makhleb
Ru
Trog
Vehumet
Wu Jian
Xom

Annotations:
D:5 exclusion: downstairs
D:6 exclusion: 2 downstairs


Innate Abilities, Weirdness & Mutations

You cannot wear most types of armour.
You are very stealthy in the water. (Stealth+)
You are amphibious.
You can wear up to eight rings at the same time.
You can use your tentacles to constrict eight enemies at once.
Your skin changes colour to match your surroundings (Stealth+).
You are frail. (-10% HP)
Your rubbery body absorbs attacks. (AC +1, EV +1)
You cannot study or use magical devices.
You cannot study or cast Air magic.
You cannot study or cast Hexes magic.
You cannot study or cast Summoning magic.


Message History

You barely miss the orc priest. You grab the orc priest.
The orc priest is heavily wounded.
You constrict the orc priest.
The orc priest is stunned by your will and fails to attack.
The orc warrior hits you from afar with a trident!
You hit the orc priest. You burn the orc priest.
The orc priest is almost dead.
You constrict the orc priest.
You kill the orc priest!
The orc wizard looks braver for a moment.
The orc warrior hits you from afar with a trident.
You hit the orc. You burn the orc.
You kill the orc!
The orc warrior hits you from afar with a trident!
* * * LOW HITPOINT WARNING * * *
You focus your will and paralyse the orc warrior in retribution!
The orc wizard begins to cast a spell, but is stunned by your will!
The orc wizard gestures at you while chanting.
The puff of flame hits you!
You die...

#.....##
#......
#.....#
#.....#
#...o.# #)#
#o#
##########.#
#<.......@.#
############


You could see an orc warrior (paralysed) and an orc wizard.

Vanquished Creatures
  A hippogriff (D:8)
  Eustachio (D:4)
  A wraith (D:7)
  A hungry ghost (D:7)
  Edmund (D:4)
  3 orc warriors
  An ice beast (D:5)
  2 phantoms
  An ogre (D:5)
  3 centaurs
  2 big kobolds
  4 bullfrogs
  A wyvern skeleton (D:6)
  5 scorpions
  A howler monkey (D:6)
  6 wights
  3 crimson imps
  A centaur zombie (D:8)
  3 quasits
  A bullfrog zombie (D:5)
  5 hounds
  5 orc priests
  A centaur skeleton (D:4)
  8 orc wizards
  A bullfrog skeleton (D:4)
  5 iguanas
  Ijyb (D:3)
  12 worker ants
  2 killer bee zombies
  A mummy (D:5)
  A hound skeleton (D:7)
  A howler monkey zombie (D:7)
  A worker ant zombie (D:6)
  3 gnolls (D:3)
  11 adders
  3 shadow imps (D:7)
  An adder zombie (D:8)
  2 dart slugs
  5 leopard geckos
  30 orcs
  4 bats
  8 giant cockroaches
  5 goblins
  5 hobgoblins
  2 jackals (D:3)
  A quokka (D:5)
  2 ball pythons
  A hobgoblin zombie (D:5)
  15 kobolds
  2 kobold zombies (D:5)
  A leopard gecko zombie (D:5)
  An orc zombie (D:5)
  4 quokka skeletons
  3 rats (D:1)
195 creatures vanquished.

Vanquished Creatures (collateral kills)
  2 two-headed ogres
  An ugly thing (D:7)
  The ghost of Iko the Skirmisher, an amateur CeWn (D:6)
  2 orc warriors
  An ice beast (D:7)
  2 ogres (D:7)
  2 wights
  An adder (D:5)
  2 leopard geckos
  2 orcs (D:6)
16 creatures vanquished.

Vanquished Creatures (others)
  A scorpion (D:4)
1 creature vanquished.

Grand Total: 212 creatures vanquished

Notes
Turn   | Place    | Note
-------+----------+-------------------------------------------
     0 | D:1      | grindst0ne the Octopode Ice Elementalist began the quest for the Orb.
     0 | D:1      | Reached XP level 1. HP: 11/11 MP: 3/3
   130 | D:1      | Reached XP level 2. HP: 12/18 MP: 1/5
   273 | D:1      | Reached skill level 1 in Fighting
   431 | D:1      | Learned a level 2 spell: Throw Frost
   864 | D:2      | Found a sacrificial altar of Ru.
   900 | D:2      | Became a worshipper of Ru the Awakened
   956 | D:2      | Reached XP level 3. HP: 13/23 MP: 2/6
  1167 | D:2      | Found a hazy altar of Hepliaklqana.
  1674 | D:3      | Learned a level 3 spell: Ozocubu's Armour
  1829 | D:3      | Reached XP level 4. HP: 18/29 MP: 2/7
  1996 | D:3      | Paralysed by a kobold for 5 turns
  2305 | D:3      | Gained mutation: You are frail. (-10% HP) [Ru sacrifice]
  2305 | D:3      | Reached * piety under Ru
  2305 | D:3      | Reached ** piety under Ru
  2305 | D:3      | Reached *** piety under Ru
  2431 | D:3      | Noticed Ijyb
  2442 | D:3      | Killed Ijyb
  2643 | D:3      | Found a bloodstained altar of Trog.
  2856 | D:4      | Reached skill level 4 in Ice Magic
  2856 | D:4      | Reached XP level 5. HP: 20/31 MP: 4/8
  2862 | D:4      | Reached skill level 1 in Evocations
  3380 | D:4      | Reached skill level 5 in Stealth
  3380 | D:4      | Reached XP level 6. HP: 21/36 MP: 0/9
  3469 | D:4      | Noticed Edmund
  3504 | D:4      | Killed Edmund
  3885 | D:4      | Reached XP level 7. HP: 34/41 MP: 2/10
  4284 | D:3      | Reached skill level 5 in Ice Magic
  4541 | D:4      | Learned a level 4 spell: Summon Ice Beast
  5708 | D:4      | Got an ichor-stained hunting sling
  5723 | D:4      | Identified the +2 hunting sling of Hacking and Slashing {venom, MR+ Int+4 Stlth+} (You took it off an orc on level 4 of the Dungeon)
  5890 | D:4      | Noticed Eustachio
  5904 | D:4      | Killed Eustachio
  5904 | D:4      | Reached skill level 5 in Fighting
  5904 | D:4      | Reached skill level 1 in Summonings
  5904 | D:4      | Reached skill level 6 in Ice Magic
  5904 | D:4      | Reached XP level 8. HP: 30/49 MP: 11/11
  6239 | D:5      | Entered Level 5 of the Dungeon
  6467 | D:5      | Found a shattered altar of Ashenzari.
  7073 | D:5      | Reached skill level 7 in Ice Magic
  7120 | D:5      | Gained mutation: You cannot study or use magical devices. [Ru sacrifice]
  7120 | D:5      | Reached **** piety under Ru
  7120 | D:5      | Reached ***** piety under Ru
  7344 | D:6      | Reached XP level 9. HP: 7/54 MP: 6/12
  7519 | D:6      | Noticed Iko's ghost (amateur CeWn)
  7533 | D:6      | Killed Iko's ghost
  7533 | D:6      | Reached skill level 5 in Summonings
  7724 | D:6      | Reached skill level 8 in Ice Magic
  7853 | D:6      | Found a staircase to the Ecumenical Temple.
  8126 | D:7      | Noticed a brown ugly thing
  8195 | D:6      | Noticed a two-headed ogre
  8202 | D:6      | Killed a two-headed ogre
  8202 | D:6      | Reached skill level 1 in Charms
  8477 | D:7      | Found an ornate altar of the Wu Jian Council.
  8644 | D:7      | Got a sparkling turquoise ring
  8645 | D:7      | Got a slimy hand axe {flame}
  8651 | D:7      | Identified the +6 hand axe "Zafadweoke" {flame, rPois rC+ rN+ Int+2} (You took it off an orc warrior on level 7 of the Dungeon)
  8672 | D:7      | Noticed a two-headed ogre
  8973 | D:7      | Killed a two-headed ogre
  8973 | D:7      | Reached skill level 9 in Ice Magic
  8973 | D:7      | Reached XP level 10. HP: 38/62 MP: 4/13
  9043 | D:7      | Killed a brown ugly thing
  9185 | D:7      | Identified the Reference Book on the Flying Snowflakes
  9187 | D:7      | Identified Keares's Papyrus of the Rocks and Unholy Arts
  9223 | D:7      | Found a shimmering altar of Xom.
  9243 | D:7      | Reached skill level 5 in Dodging
  9392 | D:7      | Found a shattered altar of Ashenzari.
  9498 | D:7      | Found a radiant altar of Vehumet.
  9663 | D:7      | Identified the ring "Toblin" {Int-5 Dex+2 Slay+2 Stlth-} (You took it off an orc warrior on level 7 of the Dungeon)
  9860 | D:8      | Gained mutation: You cannot study or cast Air magic. [Ru sacrifice]
  9860 | D:8      | Gained mutation: You cannot study or cast Hexes magic. [Ru sacrifice]
  9860 | D:8      | Gained mutation: You cannot study or cast Summoning magic. [Ru sacrifice]
  9860 | D:8      | Reached ****** piety under Ru
 10004 | D:8      | Found a radiant altar of Vehumet.
 10128 | D:8      | Found a shadowy altar of Dithmenos.
 10134 | D:8      | Reached skill level 1 in Shields
 10283 | D:8      | Found a burning altar of Makhleb.
 10532 | D:9      | Killed from afar by an orc wizard

Vault maps used:
D:1:      doesnt_arrival_eight_statues, st_stairs_3
D:2:      nicolae_ru_path_of_blood, old_standard_altar,
          hangedman_decor_clover_reticule, minmay_fountain_box,
          dk_noncrumbling_3
D:3:      lemuel_crystal_altar, first_ration, uniq_ijyb
D:4:      uniq_edmund, uniq_eustachio
D:5:      evilmike_ruin_ashenzari, minmay_mini_ossuary
D:6:      temple_hall
D:7:      minmay_the_grid_octo_tiled_squarecenter, overflow_temple_1_default,
          kennysheep_small_square
D:8:      marbit_many_paths, lemuel_crystal_altar, lemuel_coloured_pillars_altar

Skill      XL: |  1  2  3  4  5  6  7  8  9 10 |
---------------+-------------------------------+-----
Stealth        | 3 4 5 |  5.0
Fighting       | 1 2 3 5 6 7 |  7.5
Ice Magic      | 4 6 7 9 |  9.7
Evocations     | 1 3 4 0 |  0.0
Summonings     | 1 4 5 0 |  0.0
Charms         | 2 |  2.0
Dodging        | 4 5 |  5.7
Shields        | 1 |  1.6
Spellcasting   | |  2.0
Conjurations   | |  1.0

Action                   |  1- 3 |  4- 6 |  7- 9 | 10-12 || total
-------------------------+-------+-------+-------+-------++-------
Melee: Unarmed           |     2 |    40 |    68 |       ||   110
       Constrict         |     1 |    11 |    68 |    21 ||   101
       Tentacles         |       |     4 |    53 |    22 ||    79
       Flail             |       |       |   235 |       ||   235
       Hand axe          |       |       |    30 |   133 ||   163
Throw: Javelin           |       |       |     9 |       ||     9
 Cast: Freeze            |    45 |    49 |    20 |       ||   114
       Throw Frost       |       |    12 |    27 |       ||    39
       Ozocubu's Armour  |       |     2 |     9 |     2 ||    13
       Summon Ice Beast  |       |       |    20 |     7 ||    27
Invok: Sacrifice Health  |       |     1 |       |       ||     1
       Draw Out Power    |       |       |     3 |       ||     3
       Sacrifice Artific |       |       |     1 |       ||     1
       Apocalypse        |       |       |       |     1 ||     1
       Sacrifice Arcana  |       |       |       |     1 ||     1
Evoke: Wand              |       |     7 |    17 |       ||    24
  Use: Scroll            |       |       |     9 |    12 ||    21
       Potion            |       |       |     5 |       ||     5
 Stab: Paralysed         |       |     5 |    16 |     5 ||    26
       Distracted        |       |     1 |     3 |     2 ||     6
       Sleeping          |       |       |    13 |     6 ||    19
       Invisible         |       |       |     3 |       ||     3
  Eat: Chunk             |     3 |     5 |    17 |     8 ||    33
       Ration            |       |     1 |     2 |     1 ||     4
Armor: Skin              |     5 |     7 |    20 |    12 ||    44
Dodge: Dodged            |    20 |    33 |   248 |   104 ||   405
Block: Buckler           |       |       |       |    15 ||    15

Table legend:
 A = Spawn XP
 B = Non-spawn XP
 C = Spawn XP percentage of total XP
 D = Spawn monster count
 E = Non-spawn monster count
 F = Spawn count percentage of total count
 G = Total turns spent on level
                    A         B        C        D         E        F      G
               +---------+---------+-------+---------+---------+-------+---------
         Total |       0 |    7784 |   0.0 |       0 |     212 |   0.0 | 10532
               +---------+---------+-------+---------+---------+-------+---------
           D:1 |       0 |      27 |   0.0 |       0 |      16 |   0.0 |   846
           D:2 |       0 |      10 |   0.0 |       0 |       5 |   0.0 |   672
           D:3 |       0 |     265 |   0.0 |       0 |      21 |   0.0 |  1853
           D:4 |       0 |    1163 |   0.0 |       0 |      37 |   0.0 |  2958
           D:5 |       0 |     786 |   0.0 |       0 |      31 |   0.0 |  1065
           D:6 |       0 |    1316 |   0.0 |       0 |      20 |   0.0 |   798
           D:7 |       0 |    2955 |   0.0 |       0 |      50 |   0.0 |  1521
           D:8 |       0 |    1187 |   0.0 |       0 |      29 |   0.0 |   795
           D:9 |       0 |      75 |   0.0 |       0 |       3 |   0.0 |    24
               +---------+---------+-------+---------+---------+-------+---------
